 Dungeon Crawl Stone Soup version 0.22-a0-352-gc608dd7 (webtiles) character file.

61 Amnesiac the Digger (level 3, -4/24 HPs)
             Began as a Mummy Earth Elementalist on Apr 15, 2018.
             Slain by a phantom (8 damage)
             ... on level 4 of the Dungeon.
             The game lasted 00:02:26 (1419 turns).

Amnesiac the Digger (Mummy Earth Elementalist)      Turns: 1419, Time: 00:02:27

Health: -4/24      AC:  2    Str: 11    XL:     3   Next: 83%
Magic:  5/8        EV: 12    Int: 15    God:
Gold:   13         SH:  0    Dex: 12    Spells: 3/9 levels left

rFire    x . .     SeeInvis .   (no weapon)
rCold    + . .     Gourm    .   (no shield)
rNeg     + + +     Faith    .   c - +0 robe
rPois    ∞         Spirit   .   (no helmet)
rElec    .         Reflect  .   (no cloak)
rCorr    .         Harm     .   (no gloves)
MR       .....                  (no boots)
Stlth    ++........             (no amulet)
HPRegen  0.08/turn              (no ring)
MPRegen  0.11/turn              (no ring)

@: no status effects
A: no food or potions, fire vulnerability, cold resistance 1, negative energy
resistance 3, torment resistance, unbreathing
a: no special abilities


You were on level 4 of the Dungeon.
You were not hungry.

You visited 1 branch of the dungeon, and saw 5 of its levels.

You collected 13 gold pieces.

Inventory:

Hand Weapons
 h - a +0 hunting sling
Missiles
 b - 64 stones (quivered)
Armour
 c - a +0 robe (worn)
 g - a +0 helmet
Scrolls
 a - 4 scrolls of identify {!r, unknown}
 d - 3 scrolls of remove curse {!r, unknown}
 e - a scroll of fear {!r, unknown}
 f - a scroll of enchant armour {!r, unknown}


   Skills:
 - Level 1.5 Dodging
 - Level 1.5 Stealth
 + Level 3.5 Spellcasting
 - Level 0.7 Transmutations
 * Level 3.6 Earth Magic


You had 3 spell levels left.
You knew the following spells:

 Your Spells              Type           Power        Failure   Level  Hunger
a - Sandblast             Erth           ##....       4%          1    N/A
b - Passwall              Tmut/Erth      #.........   12%         2    N/A
c - Stone Arrow           Conj/Erth      #.....       26%         3    N/A

Dungeon Overview and Level Annotations

Branches:
Dungeon (5/15)
 Temple: D:4-7

Altars:


Innate Abilities, Weirdness & Mutations

You do not eat or drink.
Your flesh is vulnerable to fire.
You are immune to poison.
Your flesh is cold resistant. (rC+)
You are immune to negative energy. (rN+++)
You are immune to unholy pain and torment.
You can survive without breathing.


Message History

a mace; an animal skin; a fizzy cyan potion {!q}; the hobgoblin corpse of Robin
b - 46 stones (gained 1)
You see here a goblin corpse.
There is a stone staircase leading up here.
b - 47 stones (gained 1)
Found 21 stones.
b - 68 stones (gained 21)
You hear the hiss of a very distant avalanche of sand.
Found a stone staircase leading down.
Found 3 scrolls labeled YDWIRPHEPPEH.
There is a stone staircase leading down here.
You climb downwards.
A phantom comes into view.
Found a stone staircase leading down.
There is a stone staircase leading up here.
The phantom hits you.
You climb upwards.
You hear the hiss of flowing sand.
There is an entrance to an ossuary on this level.
Hurry and find it before the portal is buried!
There is a stone staircase leading down here.
Casting: Sandblast (safe; 4% risk of failure)
Confirm with . or Enter, or press ? or * to list all spells.
Aiming: Sandblast (safe; 4% risk of failure)
Press: ? - help, Shift-Dir - straight line, f - phantom
Aim: a phantom The blast of sand hits the phantom.
The phantom is lightly damaged.
b - 67 stones The phantom hits you.
The phantom blinks!
Casting: Sandblast (safe; 4% risk of failure)
Confirm with . or Enter, or press ? or * to list all spells.
Aiming: Sandblast (safe; 4% risk of failure)
Press: ? - help, Shift-Dir - straight line, f/p - phantom
Aim: a phantom (lightly damaged)
The blast of sand hits the phantom.
The phantom is lightly damaged.
b - 66 stones The phantom blinks!
Casting: Sandblast (safe; 4% risk of failure)
Confirm with . or Enter, or press ? or * to list all spells.
You can't see any susceptible monsters within range! (Use Z to cast anyway.)
The phantom blinks!
You see here 3 scrolls labeled YDWIRPHEPPEH {!r}.
a - 4 scrolls labeled YDWIRPHEPPEH {!r} (gained 3)
The phantom hits you.
Casting: Sandblast (safe; 4% risk of failure)
Confirm with . or Enter, or press ? or * to list all spells.
Aiming: Sandblast (safe; 4% risk of failure)
Press: ? - help, Shift-Dir - straight line, f/p - phantom
Aim: a phantom (lightly damaged)
The blast of sand misses the phantom.
b - 65 stones The phantom hits you!
* * * LOW HITPOINT WARNING * * *
Casting: Sandblast (safe; 4% risk of failure)
Confirm with . or Enter, or press ? or * to list all spells.
Aiming: Sandblast (safe; 4% risk of failure)
Press: ? - help, Shift-Dir - straight line, f/p - phantom
Aim: a phantom (lightly damaged)
The blast of sand hits the phantom.
The phantom is lightly damaged.
b - 64 stones The phantom hits you!
You die...

#.# #.# #.# #.#
#.# #.# #.# #W#
#.# #.# #.# #.#
#.# #.# #.#
#.###########...
#.#
#.>....W@.......
#.#
#########...#...
#.# .......
#.#########
...###.
#.........####...#
########.....#....
#..##.#....#
#...#.##.#.#
#.#.#.#....


You could see a phantom.

Vanquished Creatures
  Robin (D:4)
  2 leopard geckos
  2 orcs
  A bat (D:1)
  A giant cockroach (D:2)
  9 goblins
  9 hobgoblins
  3 jackals (D:1)
  A ball python (D:1)
  2 frilled lizards (D:2)
  5 kobolds
  3 rats
39 creatures vanquished.

Notes
Turn   | Place    | Note
-------+----------+-------------------------------------------
     0 | D:1      | Amnesiac the Mummy Earth Elementalist began the quest for the Orb.
     0 | D:1      | Reached XP level 1. HP: 13/13 MP: 4/4
   161 | D:1      | Reached XP level 2. HP: 6/19 MP: 0/5
   323 | D:1      | Learned a level 2 spell: Passwall
   953 | D:3      | Reached XP level 3. HP: 24/24 MP: 5/7
   958 | D:3      | Learned a level 3 spell: Stone Arrow
  1208 | D:4      | Noticed an ogre
  1257 | D:4      | Noticed Robin
  1339 | D:4      | Killed Robin
  1406 | D:5      | Entered Level 5 of the Dungeon
  1406 | D:5      | Noticed a phantom
  1419 | D:4      | Slain by a phantom

Vault maps used:
D:1:      giann_bridges
D:3:      grunt_ministairs_11, fedhas_altar_fruit_tree
D:4:      nicolae_ossuary_entry_ruins, first_ration, uniq_blork_the_orc,
          uniq_robin, uniq_menkaure
D:5:      corexii_corridor_pit

Skill      XL: |  1  2 |
---------------+-------+-----
Spellcasting   | 3 |  3.5
Earth Magic    | 3 |  3.6
Dodging        | |  1.5
Stealth        | |  1.5
Transmutations | |  0.7

Action                   || total
-------------------------++-------
Melee: Unarmed           ||    38
 Cast: Sandblast         ||    67
       Stone Arrow       ||     1
 Stab: Sleeping          ||     1
Armor: Robe              ||    13
Dodge: Dodged            ||    43

Table legend:
 A = Spawn XP
 B = Non-spawn XP
 C = Spawn XP percentage of total XP
 D = Spawn monster count
 E = Non-spawn monster count
 F = Spawn count percentage of total count
 G = Total turns spent on level
                    A         B        C        D         E        F      G
               +---------+---------+-------+---------+---------+-------+---------
         Total |       0 |      88 |   0.0 |       0 |      39 |   0.0 |  1419
               +---------+---------+-------+---------+---------+-------+---------
           D:1 |       0 |      28 |   0.0 |       0 |      15 |   0.0 |   699
           D:2 |       0 |      15 |   0.0 |       0 |       9 |   0.0 |   360
           D:3 |       0 |      11 |   0.0 |       0 |       5 |   0.0 |   194
           D:4 |       0 |      34 |   0.0 |       0 |      10 |   0.0 |   164
               +---------+---------+-------+---------+---------+-------+---------
